AoeStats
← sales96

African Clearing

510875872Analyzed
4v4 RM · 18h ago on Oct 2, 2026· 51m 39s· 8 players
Game mode
Random Map
Map size
Large (8 player)
Population
200
Speed
Normal
Resources
Standard
Victory
Conquest
Starting age
Dark Age
Ending age
Imperial Age
RankedLock teamsTeams togetherTeam positionsShared explorationLock speedFull tech treeHidden civsTurbo modeCheats
Victory
Defeat
🇦🇷 Chinese · Argentina
1696
+8
🇹🇼 Varangians · Taiwan
1625
+11
🇦🇷 Magyars · Argentina
1577
+14
🇦🇷 Koreans · Argentina
1561
+13
🇺🇸 Jurchens · United States
1533
-12
🇭🇺 Burmese · Hungary
1518
-12
🇭🇺 Gurjaras · Hungary
1508
-11
🇲🇽 Persians · Mexico
1488
-11
ashleylynn
7:56 Loom
8:52 Loom
12:33 Feudal Age
16:21 Town Watch
33:55 Castle Age
33:21 Double-Bit Axe
45:45 Bow Saw
47:32 Wheelbarrow
48:21 Fletching
48:56 Masonry
49:44 Fortified Bastions
49:48 Bodkin Arrow
AZT3K_MASIVESOUL
10:58 Loom
13:26 Feudal Age
17:35 Castle Age
19:28 Double-Bit Axe
25:23 Wheelbarrow
25:09 Town Watch
26:00 Bow Saw
27:49 Hand Cart
30:16 Horse Collar
30:52 Gold Mining
31:58 Scale Barding Armor
32:10 Fletching
33:03 Heavy Plow
33:05 Town Patrol
37:14 Imperial Age
35:22 Chain Barding Armor
35:13 Forging
35:29 Husbandry
35:39 Bloodlines
36:51 Cavalier
38:09 Plate Barding Armor
38:10 Iron Casting
39:36 Conscription
39:35 Savar
40:54 Gold Shaft Mining
42:25 Blast Furnace
41:37 Light Cavalry
42:40 Bodkin Arrow
Bl++d
3:22 Loom
13:20 Feudal Age
22:36 Castle Age
21:34 Horse Collar
23:13 Bloodlines
23:35 Husbandry
24:29 Padded Archer Armor
27:56 Manipur Cavalry
28:27 Herbal Medicine
32:44 Wheelbarrow
31:57 Town Watch
36:23 Hand Cart
36:38 Heavy Plow
36:32 Gold Mining
36:37 Stone Mining
38:09 Ballistics
42:47 Imperial Age
41:38 Fortified Wall
44:52 Chemistry
47:35 Forging
48:49 Fletching
49:50 Scale Mail Armor
50:14 Squires
49:35 Pikeman
50:35 Capped Ram
DraveczB
12:25 Loom
14:11 Feudal Age
16:25 Double-Bit Axe
19:20 Castle Age
17:04 Horse Collar
17:17 Stone Mining
20:52 Bow Saw
21:17 Wheelbarrow
23:09 Heavy Plow
27:01 Gold Mining
27:20 Fletching
27:42 Husbandry
28:24 Bloodlines
30:11 Thumb Ring
30:13 Bodkin Arrow
30:40 Padded Archer Armor
33:01 Ballistics
33:21 Hand Cart
34:31 Kshatriyas
38:41 Imperial Age
36:43 Leather Archer Armor
37:06 Light Cavalry
37:57 Forging
37:52 Scale Barding Armor
39:52 Gold Shaft Mining
39:07 Stone Mining
38:54 Elite Elephant Archer
40:05 Bracer
41:15 Chemistry
40:11 Town Watch
40:55 Conscription
42:29 Stone Shaft Mining
41:55 Town Patrol
42:30 Frontier Guards
42:11 Heavy Camel Rider
43:13 Chain Barding Armor
43:28 Iron Casting
44:49 Plate Barding Armor
sales96
8:12 Loom
13:06 Feudal Age
14:58 Double-Bit Axe
17:41 Castle Age
16:33 Horse Collar
16:44 Fletching
18:40 Bodkin Arrow
20:06 Ballistics
26:59 Wheelbarrow
28:11 Bow Saw
37:25 Imperial Age
35:01 Heavy Plow
35:55 Husbandry
36:23 Gold Mining
37:50 Murder Holes
37:34 Elite War Wagon
38:41 Conscription
38:31 Eupseong
39:33 Chemistry
40:07 Bracer
39:55 Arrowslits
42:19 Two-Man Saw
42:03 Treadmill Crane
44:13 Masonry
44:18 Siege Engineers
45:25 Forging
45:26 Masonry
44:52 Pikeman
46:46 Iron Casting
45:37 Halberdier
46:27 Squires
46:56 Scale Mail Armor
48:56 Chain Mail Armor
49:12 Architecture
52:15 Plate Mail Armor
Bill Order
5:42 Loom
8:46 Loom
11:43 Feudal Age
12:29 Double-Bit Axe
13:26 Horse Collar
16:42 Town Watch
20:36 Wheelbarrow
23:33 Castle Age
22:30 Bloodlines
23:04 Scale Barding Armor
22:54 Gold Mining
23:34 Light Cavalry
25:23 Bow Saw
28:11 Hand Cart
28:14 Heavy Plow
29:14 Chain Barding Armor
29:30 Husbandry
33:08 Fletching
35:01 Sanctity
35:52 Stone Mining
38:37 Ballistics
42:12 Imperial Age
41:36 Gold Shaft Mining
42:42 Cavalier
44:04 Plate Barding Armor
44:26 Paladin
45:53 Conscription
47:31 Two-Man Saw
47:03 Crop Rotation
46:21 Pikeman
47:02 Scale Mail Armor
RománMás3
3:19 Loom
11:57 Feudal Age
12:36 Double-Bit Axe
13:46 Fletching
22:32 Wheelbarrow
25:59 Castle Age
25:03 Fishing Lines
27:02 Bow Saw
31:22 Gillnets
38:13 Imperial Age
35:49 Gold Mining
35:50 Stone Mining
36:19 Bodkin Arrow
37:13 Padded Archer Armor
38:50 Leather Archer Armor
38:57 Ballistics
39:28 Conscription
39:28 Conscription
38:35 Elite Chu Ko Nu
39:23 Bracer
40:24 Chemistry
39:35 Masonry
39:42 Murder Holes
42:14 Ring Archer Armor
43:16 Architecture
43:43 Thumb Ring
43:23 Pikeman
44:04 Squires
45:13 Two-Man Saw
44:14 Halberdier
44:55 Scale Mail Armor
45:06 Forging
45:50 Gold Shaft Mining
45:51 Stone Shaft Mining
47:33 Chain Mail Armor
47:54 Iron Casting
49:04 Coinage
49:57 Plate Mail Armor
50:51 Blast Furnace
50:59 Banking
50:30 Caravan
DYS.K
12:04 Loom
14:15 Feudal Age
17:56 Castle Age
17:22 Fishing Lines
17:41 Double-Bit Axe
18:54 Bow Saw
20:41 Scale Barding Armor
21:44 Forging
23:19 Horse Collar
28:25 Chain Barding Armor
28:06 Gillnets
28:28 Heavy Plow
29:48 Wheelbarrow
29:42 Town Watch
30:55 Stone Mining
30:56 Gold Mining
31:46 Hand Cart
34:50 Imperial Age
33:34 Iron Casting
33:42 Stone Shaft Mining
34:03 Bloodlines
33:53 Husbandry
34:59 Elite Jarl
36:17 Plate Barding Armor
36:59 Blast Furnace
36:40 Conscription
37:12 Cavalier
37:19 Vendel Legacy
38:28 Light Cavalry
40:18 Fletching
40:14 Hussar
44:36 Capped Ram
46:10 Crop Rotation
45:44 Siege Ram
47:33 Bodkin Arrow
Connection lost

Rejoining the realm…

Still unreachable

The connection could not be restored.

Session expired

The server has moved on; the page needs a fresh start.